Map: Shrines of Lizul

Players

Sean

  • Race: Terran Terran
  • League: Diamond
  • Spawn Location: 12:00

llllllllllll

  • Race: Protoss Protoss
  • Spawn Location: 3:00

NewEnd - Winner!

  • Race: Terran Terran
  • League: Platinum
  • Spawn Location: 9:00

PureLegacy - Winner!

  • Race: Terran Terran
  • Spawn Location: 6:00

VOD

Have the link to the VOD?

Description

Time

  • Played on: Nov. 23, 2018, 5:58 p.m.
  • Length: 3:47
Show
View Real Time Build Order
Export as new Build Order

Sean Terran 

Build Orders:  

Get SALT Encoding   

  12  0:01  SCV  
  13  0:13  SCV  
  14  0:20  Supply Depot  
  14  0:25  SCV  
  15  0:42  SCV  
  16  0:44  Barracks  
  16  0:49  Refinery  
  16  0:57  Barracks  
  16  1:01  SCV  
  17  1:14  Barracks  
  17  1:18  SCV  
  18  1:30  SCV  
  18  1:32  Supply Depot  
  19  1:37  Reaper  
  20  1:43  SCV  
  21  1:50  Reaper  
  21  1:53  Refinery  
  22  2:05  Barracks  
  22  2:10  Reaper  
  22  2:14  SCV  
  24  2:32  Reaper  
  24  2:40  Reaper  
  24  2:41  SCV  
  26  2:47  Barracks  
  26  2:54  Reaper  
  11  3:16  SCV  
Show
View Real Time Build Order
Export as new Build Order

llllllllllll Protoss 

Build Orders: Oracle Opening 

Get SALT Encoding   

  12  0:01  Probe  
  13  0:13  Probe  
  14  0:18  Pylon  
  14  0:25  Probe  
  15  0:37  Gateway, Probe  
  16  0:47  Assimilator  
  16  0:49  Probe  
  17  0:53  Assimilator  
  17  1:01  Probe  
  18  1:08  Gateway  
  18  1:13  Probe  
  20  1:25  Probe, Cybernetics Core  
  20  1:34  Probe  
  20  1:36  Pylon  
  21  1:43  Probe  
  22  1:53  Adept  
  22  1:56  Probe  
  23  2:02  Adept  
  27  2:10  Stargate  
  27  2:48  Oracle  
  27  2:49  Nexus  
  27  2:50  Pylon  
  30  3:08  Adept  
  30  3:17  Adept  
  34  3:21  Shield Battery  
  37  3:35  Twilight Council  
Show
View Real Time Build Order
Export as new Build Order

NewEnd Terran - Winner!

Build Orders:  

Get SALT Encoding   

  12  0:01  SCV  
  13  0:13  SCV  
  14  0:19  Supply Depot  
  14  0:27  SCV  
  15  0:30  Refinery  
  15  0:46  Barracks  
  15  0:47  SCV  
  16  1:00  Barracks  
  16  1:04  SCV  
  17  1:20  Barracks  
  17  1:25  SCV  
  18  1:34  Reaper  
  18  1:39  Supply Depot  
  19  1:48  Reaper  
  20  1:57  Orbital Command  
  20  2:06  Reaper  
  20  2:08  Reaper  
  22  2:14  Refinery  
  22  2:19  Supply Depot  
  22  2:21  Barracks Tech Lab  
  22  2:28  SCV  
  23  2:38  Marine  
  23  2:40  Marine, SCV  
  26  2:50  Marine  
  27  2:56  Marine  
  28  3:06  Marine  
  28  3:08  Marauder  
  31  3:27  Marine x2  
  31  3:30  Factory  
  31  3:33  Engineering Bay  
Show
View Real Time Build Order
Export as new Build Order

PureLegacy Terran - Winner!

Build Orders:  

Get SALT Encoding   

  12  0:02  SCV  
  13  0:14  SCV  
  13  0:19  Supply Depot  
  14  0:26  SCV  
  15  0:30  Refinery  
  15  0:40  SCV  
  16  0:46  Barracks  
  16  0:52  SCV  
  17  1:04  Barracks  
  17  1:16  Barracks  
  17  1:20  SCV  
  18  1:33  Reaper  
  18  1:39  Orbital Command  
  19  1:48  Refinery  
  19  1:52  Reaper  
  20  1:59  Supply Depot  
  20  2:04  Reaper  
  21  2:09  Reaper  
  21  2:12  SCV  
  23  2:25  Supply Depot  
  23  2:27  Reaper  
  23  2:28  SCV  
  25  2:38  Reaper  
  25  2:43  Reaper  
  27  2:49  SCV  
  27  2:51  Engineering Bay  
  28  2:59  Reaper  
  28  3:05  SCV  
  30  3:26  Command Center  
  28  3:42  Barracks Tech Lab  
  28  3:43  Missile Turret  
Tags
 
Add a new tag
Caveats
  • Supply blocks, unpowered buildings, or Contaminate may cause inaccurate times.
  • Supply counts are checked every 10 seconds.